 Dungeon Crawl Stone Soup version 0.17-a0-1510-gb3fb22e (webtiles) character file.

588 urechis the Covert (level 7, -4/63 HPs)
             Began as a Kobold Berserker on July 11, 2015.
             Was a Priest of Trog.
             Slain by a centaur (6 damage)
             ... on level 5 of the Dungeon.
             The game lasted 00:09:49 (5190 turns).

urechis the Covert (Kobold Berserker)               Turns: 5190, Time: 00:09:49

Health: -4/63      AC:  6    Str: 21    XL:     7   Next: 65%
Magic:  7/7        EV: 14    Int:  5    God:    Trog [***...]
Gold:   210        SH:  7    Dex: 17    Spells: 0 memorised, 6 levels left

rFire  + . .     SeeInvis +     a - +0 short sword
rCold  x . .     Clarity  .     s - +1 animal skin
rNeg   . . .     SustAt   .     t - +2 buckler
rPois  .         Gourm    .     H - +0 helmet {SInv}
rElec  .         Spirit   .     p - +0 cloak
rCorr  .         Warding  .     z - +0 pair of gloves
rMut   .         Stasis   .     (no boots)
MR     ++...                    (no amulet)
Stlth  ..........               x - ring of fire
                                A - ring of flight

@: berserking, lethally poisoned (-4 -> -4), regenerating, very quick, very
resistant to hostile enchantments, extremely unstealthy
A: carnivore 3
a: Burn Spellbooks, Berserk, Trog's Hand, Renounce Religion, Evoke Flight


You were on level 5 of the Dungeon.
You worshipped Trog.
Trog was most pleased with you.
You were full.

You visited 1 branch of the dungeon, and saw 5 of its levels.

You collected 210 gold pieces.

Inventory:

Hand weapons
 a - a +0 short sword (weapon)
Missiles
 i - 4 needles of frenzy
 y - 30 poisoned needles
 B - a throwing net (quivered)
Armour
 p - a +0 cloak (worn)
 s - a +1 animal skin (worn)
 t - a +2 buckler (worn)
 z - a +0 pair of gloves (worn)
 H - a +0 helmet of see invisible (worn)
Jewellery
 x - a ring of fire (right hand)
 A - a ring of flight (left hand)
Scrolls
 b - a scroll of random uselessness {unknown}
 f - a scroll of fog {unknown}
 h - 4 scrolls of identify
 j - 4 scrolls of blinking
 m - 5 scrolls of magic mapping
 o - 2 scrolls of teleportation {unknown}
 r - 2 scrolls of enchant weapon {unknown}
 C - a scroll of enchant armour {unknown}
 D - 2 scrolls of amnesia {unknown}
 G - a scroll of fear {unknown}
 I - a scroll of remove curse
Potions
 e - a potion of resistance {unknown}
 g - 2 potions of haste {unknown}
 k - 3 potions of lignification {unknown}
 l - 5 potions of curing {unknown}
 n - 2 potions of ambrosia {unknown}
 q - a potion of berserk rage {unknown}
 u - a potion of invisibility {unknown}
 w - a potion of heal wounds {unknown}
 E - a potion of agility {unknown}
 F - a potion of degeneration {unknown}
Comestibles
 c - 5 meat rations
 d - 3 royal jellies
 v - 2 beef jerkies


   Skills:
 + Level 3.7 Fighting
 + Level 4.7 Short Blades
 - Level 1.5 Armour
 - Level 2.4 Dodging
 - Level 10.0 Stealth
 - Level 1.0 Shields


You had 6 spell levels left.
You didn't know any spells.

Dungeon Overview and Level Annotations

Branches:
Dungeon (5/15)             Temple (0/1) D:4

Altars:
Vehumet
Yredelemnul


Innate Abilities, Weirdness & Mutations

You are small and have problems with some larger weapons.
You are carnivorous and can eat meat at any time.


Message History

Trog accepts your kill.
You feel sick. The centaur barely misses you.
You hit the centaur.
The centaur is lightly wounded.
You block the centaur's attack.
You hit the centaur.
The centaur is heavily wounded.
The centaur hits you!
* * * LOW HITPOINT WARNING * * *
You closely miss the centaur.
The centaur is heavily wounded.
* * * LOW HITPOINT WARNING * * *
You feel sick. The centaur closely misses you.
You hit the centaur.
The centaur is heavily wounded.
You block the centaur's attack.
You barely miss the centaur.
The centaur is heavily wounded.
The centaur hits you.
You die...

+##......
........รท.........##.
#.......
..................#..
#........
........)....^....'..
+........
..................#..
..................###
##+##+####'###+##'##...#
...........'....#..#...#
......c....#....#..#...#
.......@...#....+..+...'
##+##.#######.######...#
# ######.####...###
+..........+...#..
#..........#...+..
###.##..##'#...### #
##+###.#....##
+......'....+.
###+#####....#+


You could see a centaur.

Vanquished Creatures
  Menkaure (D:4)
  A scorpion (D:5)
  A giant frog zombie (D:4)
  A jelly (D:5)
  An iguana (D:4)
  A hound (D:4)
  Robin (D:2)
  13 adders
  6 gnolls
  An ooze (D:3)
  An adder skeleton (D:4)
  4 worms
  3 orcs
  11 bats
  3 giant cockroaches
  13 goblins
  10 hobgoblins
  8 jackals
  10 kobolds
  4 quokkas
  4 giant geckos
  4 giant newts
  A jackal skeleton (D:4)
  A quokka zombie (D:5)
  7 rats
111 creatures vanquished.

Notes
Turn   | Place    | Note
--------------------------------------------------------------
     0 | D:1      | urechis the Kobold Berserker began the quest for the Orb.
     0 | D:1      | Reached XP level 1. HP: 14/14 MP: 1/1
    56 | D:1      | Reached skill level 1 in Stealth
   450 | D:1      | Reached XP level 2. HP: 17/19 MP: 2/2
   971 | D:2      | Reached XP level 3. HP: 23/23 MP: 3/3
  1129 | D:2      | Reached XP level 4. HP: 28/28 MP: 4/4
  1179 | D:2      | Reached skill level 5 in Stealth
  1490 | D:2      | Acquired Trog's second power
  1973 | D:2      | Reached skill level 6 in Stealth
  2052 | D:2      | Reached XP level 5. HP: 32/32 MP: 5/5
  2112 | D:2      | Noticed Robin
  2412 | D:2      | Killed Robin
  2776 | D:3      | Reached skill level 7 in Stealth
  2992 | D:3      | Reached XP level 6. HP: 37/37 MP: 6/6
  3250 | D:3      | Reached skill level 8 in Stealth
  3341 | D:3      | Found a radiant altar of Vehumet.
  3341 | D:3      | Found a basalt altar of Yredelemnul.
  3464 | D:3      | Found a faded altar to an unknown god.
  3754 | D:4      | Noticed Menkaure
  3766 | D:4      | Killed Menkaure
  3766 | D:4      | Reached skill level 9 in Stealth
  3800 | D:4      | Reached XP level 7. HP: 41/41 MP: 7/7
  4034 | D:4      | Found a staircase to the Ecumenical Temple.
  4346 | D:4      | Reached skill level 10 in Stealth
  4585 | D:4      | Reached skill level 1 in Shields
  4610 | D:5      | Entered Level 5 of the Dungeon
  5187 | D:5      | HP: 1/63 [centaur (7)]
  5190 | D:5      | Slain by a centaur

Vault maps used:
D:1:      lightli_arrival_flooded_house
D:2:      serial_forest, infiniplex_forest_clump_small,
          infiniplex_forest_lined_corner, infiniplex_forest_end_1,
          infiniplex_forest_clump_small, first_bread, uniq_robin
D:3:      minitemple, ecumenical_altar_2
D:4:      minmay_temple_entry_poolview, uniq_menkaure

Action                   |  1- 3 |  4- 6 |  7- 9 || total
-------------------------+-------+-------+-------++-------
Melee: Short sword       |    76 |   208 |   123 ||   407
       Dagger            |       |     7 |       ||     7
Invok: Berserk           |     3 |     6 |     1 ||    10
       Burn Spellbooks   |       |     2 |       ||     2
       Trog's Hand       |       |     1 |     1 ||     2
  Use: Scroll            |       |     3 |     1 ||     4
 Stab: Sleeping          |     3 |    15 |    15 ||    33
       Distracted        |       |     1 |       ||     1
  Eat: Chunk             |     5 |    18 |     5 ||    28
